Map: Taito Citadel LE

Players

KDragon - Winner!

  • Race: Zerg Zerg
  • League: Diamond
  • Spawn Location: 11:00

HoldTheDoor

  • Race: Protoss Protoss
  • League: Diamond
  • Spawn Location: 5:00

VOD

Have the link to the VOD?

Description

Time

  • Played on: May 25, 2026, 1:21 p.m.
  • Length: 7:15
Show
View Real Time Build Order
Export as new Build Order

KDragon Zerg - Winner!

Build Orders: Pool First 

Get SALT Encoding   

  12  0:00  Drone  
  13  0:07  Drone  
  14  0:27  Spawning Pool  
  13  0:29  Drone  
  14  0:52  Hatchery  
  13  1:00  Overlord  
  13  1:05  Extractor  
  13  1:06  Drone  
  14  1:19  Queen  
  16  1:27  Zergling x4  
  16  1:30  Zergling x2  
  19  1:39  Drone  
  20  1:48  Drone  
  21  1:59  Extractor, Drone  
  21  2:04  Queen  
  21  2:05  Drone  
  24  2:11  Zergling x2  
  25  2:16  Zergling x2  
  26  2:23  Spine Crawler  
  25  2:30  Drone  
  25  2:42  Spine Crawler  
  22  2:51  Zergling x2  
  22  2:52  Zergling x2  
  20  3:22  Hatchery  
  20  3:23  Zergling x6  
  20  3:37  Spine Crawler  
  17  3:51  Drone x4  
  21  3:58  Overlord  
  21  4:15  Queen  
  22  4:30  Zergling x2  
  22  4:31  Zergling x8  
  27  4:32  Hatchery  
  27  4:36  Metabolic Boost  
  26  4:40  Drone  
  26  4:43  Drone  
  28  4:58  Drone x3  
  31  5:01  Drone  
  32  5:19  Drone  
  32  5:20  Drone x2  
  35  5:22  Overlord x2  
  35  5:53  Queen x2  
  35  5:54  Zergling x2  
  35  5:55  Zergling x12  
  46  5:57  Zergling x2  
  47  6:11  Queen  
  47  6:13  Zergling x6  
  47  6:16  Zergling x2  
  53  6:20  Spore Crawler  
  44  6:55  Drone  
  44  6:56  Drone x12  
Show
View Real Time Build Order
Export as new Build Order

HoldTheDoor Protoss 

Build Orders:  

Get SALT Encoding   

  12  0:00  Probe  
  13  0:12  Probe  
  14  0:18  Pylon  
  14  0:24  Probe  
  15  0:32  Probe  
  15  0:40  Gateway, Probe  
  17  0:51  Assimilator  
  17  0:59  Probe  
  18  1:06  Forge  
  18  1:19  Probe  
  18  1:21  Zealot  
  21  1:34  Cybernetics Core  
  21  1:45  Pylon  
  21  1:54  Probe  
  22  1:58  Assimilator  
  22  2:01  Stalker  
  22  2:06  Photon Cannon  
  24  2:17  Warp Gate  
  24  2:37  Shield Battery  
  24  2:59  Adept  
  24  3:04  Probe  
  25  3:09  Pylon  
  25  3:28  Shield Battery  
  27  3:51  Stargate  
  27  3:54  Nexus  
  27  3:56  Probe, Pylon  
  26  4:04  Pylon  
  26  4:08  Probe  
  27  4:12  Stalker  
  29  4:20  Probe  
  30  4:31  Gateway  
  30  4:32  Probe, Gateway  
  30  4:34  Gateway  
  30  4:35  Gateway  
  31  4:38  Void Ray  
  35  4:46  Sentry  
  35  5:09  Stalker  
  35  5:14  Probe  
  38  5:15  Probe  
  43  5:21  Void Ray  
  43  5:33  Stalker  
  43  5:34  Stalker  
  47  6:02  Robotics Facility  
  47  6:04  Probe x2, Pylon  
  47  6:07  Assimilator  
  47  6:09  Pylon  
  49  6:16  Stalker x2, Probe x2  
  55  6:28  Probe x2  
  49  6:40  Probe  
  46  6:51  Probe  
  51  7:01  Pylon  
  51  7:03  Photon Cannon  
  51  7:04  Photon Cannon  
  51  7:06  Adept  
  45  7:13  Adept  
Tags
 
Matchup
PvZ
Opening
Pool First
Replay Pack
SC2Mai2026
Spawn Locations
Cross Positions
Add a new tag
Caveats
  • Supply blocks, unpowered buildings, or Contaminate may cause inaccurate times.
  • Supply counts are checked every 10 seconds.